Match 25324635
Unlisted

Match 25324635
End
Engineer Squad
Selects Armored Battlegroup
Selects Assault Engineers
Construct Weapon Support Center
M1919 Machine Gun Team
Bazooka Squad
Assault Engineer Squad
Mechanized Support Center
Mortar Pit
M16 Multiple Gun Motor Carriage
Selects M31 Recovery Vehicle
M3 75 mm Gun Motor Carriage
M3 Armored Personnel Carrier
Selects War Machine
.30 cal Machine Gun
Bazooka Squad
Rubicon
SunShine
TidaL
kxvhyjmy
잘가게 동무!
Dakara
0
0

Comments sign in to comment!

No comments posted yet!